AoeStats
← chrisrw0101

Nomad

516886246Analyzed
1v1 RM · 2d ago on Oct 28, 2026· 41m 56s· 2 players
Game mode
Random Map
Map size
126×126
Population
200
Speed
Normal
Resources
Standard
Victory
Conquest
Starting age
Dark Age
Ending age
Imperial Age
RankedLock teamsTeams togetherTeam positionsShared explorationLock speedFull tech treeHidden civsTurbo modeCheats
Victory
Defeat
🇺🇸 Japanese · United States
1216
+16
vs
🇺🇸 Varangians · United States
1210
-16
chrisrw0101
6:19 Loom
13:11 Feudal Age
14:12 Double-Bit Axe
17:04 Castle Age
17:14 Fishing Lines
18:14 Bow Saw
19:52 Fletching
22:11 Bloodlines
23:22 Wheelbarrow
24:50 Scale Barding Armor
25:08 Bodkin Arrow
27:43 Hand Cart
31:45 Chain Barding Armor
33:15 Gillnets
35:00 Forging
AstroBoy1741
13:30 Feudal Age
14:19 Double-Bit Axe
18:05 Castle Age
16:54 Stone Mining
17:05 Loom
18:16 Fishing Lines
18:23 Fishing Lines
19:13 Bow Saw
21:02 Gold Mining
21:53 Squires
21:39 Arson
21:56 Scale Mail Armor
22:35 Horse Collar
23:37 Chain Mail Armor
23:33 Forging
28:13 Heavy Plow
33:06 Imperial Age
32:05 Wheelbarrow
32:43 Town Watch
33:44 Iron Casting
34:29 Plate Mail Armor
37:45 Blast Furnace
37:08 Conscription
39:02 Pikeman
Connection lost

Rejoining the realm…

Still unreachable

The connection could not be restored.

Session expired

The server has moved on; the page needs a fresh start.